 Dungeon Crawl Stone Soup version 0.29-a0-90-gc37658a0fe (webtiles) character file.

Game seed: 5532703222392832530

1873 lordive the Shield-Bearer (level 9, -3/73 HPs)
             Began as a Gnoll Fighter on Feb 7, 2022.
             Was a Believer of Okawaru.
             Slain by a gnoll sergeant (4 damage)
             ... on level 6 of the Dungeon.
             The game lasted 00:07:11 (7378 turns).

lordive the Shield-Bearer (Gnoll Fighter)           Turns: 7378, Time: 00:07:12

Health: -3/73      AC: 13    Str: 15    XL:     9   Next: 14%
Magic:  14/14      EV:  6    Int: 12    God:    Okawaru [**....]
Gold:   183        SH:  6    Dex: 18    Spells: 15/15 levels left

rFire   . . .      SeeInvis .   t - +1 falchion (holy)
rCold   . . .      Faith    .   c - +0 buckler
rNeg    . . .      Spirit   .   i - +0 plate armour
rPois   .          Reflect  .   (no helmet)
rElec   .          Harm     .   (no cloak)
rCorr   .          Rampage  .   (no gloves)
Will    .....                   (no boots)
Stlth   ..........              h - amulet of magic regeneration
HPRegen 0.22/turn               a - +6 ring of dexterity
MPRegen 0.54/turn               (no ring)

@: studying Dodging
A: fangs 1, strong nose, distributed training
a: Renounce Religion, Heroism


You were on level 6 of the Dungeon.
You worshipped Okawaru.
Okawaru was pleased with you.
You visited 2 branches of the dungeon, and saw 7 of its levels.

You collected 183 gold pieces.

Inventory:

Hand Weapons
 d - a +0 antimagic hand axe
 t - a +1 falchion of holy wrath (weapon)
 C - a +0 flail of protection
 D - a +0 shortbow
Missiles
 q - 123 arrows
Armour
 b - a +0 scale mail
 c - a +0 buckler (worn)
 i - a +0 plate armour (worn)
 n - a +0 helmet
 B - an orb of mayhem
Magical Staves
 k - a staff of cold
 r - a staff of fire
 s - a staff of death
Jewellery
 a - a +6 ring of dexterity (left hand)
 h - an amulet of magic regeneration (around neck)
Wands
 p - a wand of polymorph (6)
Scrolls
 e - 2 scrolls of enchant armour {unknown}
 f - 2 scrolls of magic mapping {unknown}
 j - a scroll of identify
 l - a scroll of noise {unknown}
 o - a scroll of acquirement {unknown}
 w - a scroll of fear {unknown}
 y - a scroll of immolation {unknown}
 A - a scroll of blinking {unknown}
Potions
 g - a potion of heal wounds
 m - a potion of curing
 u - a potion of brilliance
 v - 4 potions of lignification
 x - a potion of haste
 z - a potion of mutation
 E - a potion of ambrosia {unknown}


   Skills:
 + Level 7.7 Fighting
 + Level 3.9 Short Blades
 + Level 6.1 Long Blades
 + Level 3.9 Axes
 + Level 3.9 Maces & Flails
 + Level 3.9 Polearms
 + Level 3.9 Staves
 + Level 3.9 Slings
 + Level 3.9 Bows
 + Level 3.9 Crossbows
 + Level 3.9 Throwing
 + Level 7.7 Armour
 + Level 5.0 Dodging
 + Level 3.9 Stealth
 + Level 7.7 Shields
 + Level 3.9 Unarmed Combat
 + Level 3.9 Spellcasting
 + Level 3.2 Conjurations
 + Level 3.2 Hexes
 + Level 3.2 Summonings
 + Level 3.2 Necromancy
 + Level 3.2 Translocations
 + Level 3.2 Transmutations
 + Level 3.2 Fire Magic
 + Level 3.2 Ice Magic
 + Level 3.2 Air Magic
 + Level 3.2 Earth Magic
 + Level 3.2 Poison Magic
 + Level 4.3 Invocations
 + Level 3.9 Evocations


You had 15 spell levels left.
You didn't know any spells.
Your spell library contained the following spells:

 Spells                   Type           Power      Damage    Failure   Level
 Static Discharge         Conj/Air       10%        N/A       99%         2
 Dazzling Flash           Conj/Hex       20%        N/A       100%        3
 Portal Projectile        Hex/Tloc       20%        N/A       100%        3
 Dispel Undead            Necr           10%        3d9       100%        4
 Leda's Liquefaction      Hex/Erth       5%         N/A       100%        4
 Sticky Flame             Conj/Fire      10%        2d3       100%        4
 Agony                    Necr           10%        N/A       100%        5
 Blade Hands              Tmut           5%         N/A       100%        5
 Irradiate                Conj/Tmut      5%         3d15      100%        5
 Silence                  Hex/Air        5%         N/A       100%        5
 Dragon Form              Tmut           5%         N/A       100%        7
 Call Canine Familiar     Summ           Unusable   N/A       N/A         3

Dungeon Overview and Level Annotations

Branches:
Dungeon (6/15)             Temple (1/1) D:4

Altars:
Ashenzari
Cheibriados
Dithmenos
Elyvilon
Fedhas
Gozag
Hepliaklqana
Kikubaaqudgha
Okawaru
Qazlal
Ru
Sif Muna
Trog
Uskayaw
Vehumet
Wu Jian
Xom
Yredelemnul
Zin
The Shining One

Shops:
D:2 *   D:4 [[?(


Innate Abilities, Weirdness & Mutations

You have very sharp teeth.
Your uncanny sense of smell can sniff out nearby items.
Your experience applies equally to all skills.


Message History

The gnoll sergeant hits you but does no damage.
You hit the gnoll sergeant but do no damage.
The gnoll sergeant is lightly wounded.
You block the gnoll sergeant's attack.
You hit the gnoll sergeant.
The gnoll sergeant is moderately wounded.
The gnoll sergeant hits you with a +0 trident.
* * * LOW HITPOINT WARNING * * *
You barely miss the gnoll sergeant.
The gnoll sergeant is moderately wounded.
The gnoll sergeant barely misses you.
You hit the gnoll sergeant.
The gnoll sergeant is moderately wounded.
The gnoll sergeant barely misses you.
You slash the gnoll sergeant!
The gnoll sergeant is heavily wounded.
The gnoll sergeant barely misses you.
You hit the gnoll sergeant but do no damage.
The gnoll sergeant is heavily wounded.
The gnoll sergeant hits you with a +0 trident.
* * * LOW HITPOINT WARNING * * *
You closely miss the gnoll sergeant.
The gnoll sergeant is heavily wounded.
The gnoll sergeant hits you but does no damage.
You hit the gnoll sergeant.
You bite the gnoll sergeant, but do no damage.
The gnoll sergeant is severely wounded.
The gnoll sergeant hits you with a +0 trident!
* * * LOW HITPOINT WARNING * * *
You hit the gnoll sergeant.
The gnoll sergeant is severely wounded.
You block the gnoll sergeant's attack.
You barely miss the gnoll sergeant.
The gnoll sergeant is severely wounded.
The gnoll sergeant hits you with a +0 trident!
* * * LOW HITPOINT WARNING * * *
You hit the gnoll sergeant but do no damage.
The gnoll sergeant is severely wounded.
The gnoll sergeant hits you with a +0 trident.
You die...

#. #. #. #.# #
##.. ... ...
.....#.#########
..#....@)....#
.........g####<#
..#.##....# #.#
.. #.#..# #.# .
........ #.#
..##.##.#. #.##
. #.##..#.#..##
........#...# .n
.#.....#.##


You could see a gnoll sergeant.

Vanquished Creatures
  Grinder (D:3)
  Menkaure (D:6)
  An acid dragon (D:5)
  A water moccasin (D:5)
  An orc warrior (D:5)
  3 ogres
  2 necrophages
  3 centaurs
  A bullfrog (D:6)
  A scorpion (D:5)
  A bullfrog zombie (D:5)
  An orc priest (D:4)
  3 iguanas
  An orc wizard (D:4)
  Natasha (thrice) (D:2)
  Robin (D:2)
  3 adders
  6 gnolls
  An adder skeleton (D:4)
  3 worms
  A dart slug (D:1)
  17 orcs
  7 endoplasms
  6 giant cockroaches
  8 hobgoblins
  2 kobolds
  6 quokkas
  11 ball pythons
  2 bats
  A frilled lizard (D:2)
  15 goblins
  A quokka skeleton (D:4)
  7 rats
122 creatures vanquished.

Notes
Turn   | Place    | Note
-------+----------+-------------------------------------------
     0 | D:1      | lordive the Gnoll Fighter began the quest for the Orb.
     0 | D:1      | Reached XP level 1. HP: 23/23 MP: 1/1
   301 | D:1      | Reached XP level 2. HP: 29/29 MP: 2/2
   748 | D:2      | Found a faded altar of an unknown god.
   825 | D:2      | Noticed Robin
   857 | D:2      | Reached XP level 3. HP: 23/35 MP: 3/3
  1021 | D:2      | Killed Robin
  1022 | D:2      | Reached skill level 1 in Invocations
  1296 | D:2      | Noticed Natasha
  1303 | D:2      | Killed Natasha
  1304 | D:2      | Reached skill level 1 in Short Blades
  1304 | D:2      | Reached skill level 1 in Axes
  1304 | D:2      | Reached skill level 1 in Maces & Flails
  1304 | D:2      | Reached skill level 1 in Polearms
  1304 | D:2      | Reached skill level 1 in Staves
  1304 | D:2      | Reached skill level 1 in Slings
  1304 | D:2      | Reached skill level 1 in Bows
  1304 | D:2      | Reached skill level 1 in Crossbows
  1304 | D:2      | Reached skill level 1 in Throwing
  1304 | D:2      | Reached skill level 1 in Dodging
  1304 | D:2      | Reached skill level 1 in Stealth
  1304 | D:2      | Reached skill level 1 in Unarmed Combat
  1304 | D:2      | Reached skill level 1 in Spellcasting
  1304 | D:2      | Reached skill level 1 in Evocations
  1304 | D:2      | Reached XP level 4. HP: 32/41 MP: 5/5
  1332 | D:2      | Noticed Natasha
  1340 | D:2      | Killed Natasha
  1341 | D:2      | Reached skill level 1 in Conjurations
  1341 | D:2      | Reached skill level 1 in Hexes
  1341 | D:2      | Reached skill level 1 in Summonings
  1341 | D:2      | Reached skill level 1 in Necromancy
  1341 | D:2      | Reached skill level 1 in Translocations
  1341 | D:2      | Reached skill level 1 in Transmutations
  1341 | D:2      | Reached skill level 1 in Fire Magic
  1341 | D:2      | Reached skill level 1 in Ice Magic
  1341 | D:2      | Reached skill level 1 in Air Magic
  1341 | D:2      | Reached skill level 1 in Earth Magic
  1341 | D:2      | Reached skill level 1 in Poison Magic
  1687 | D:2      | Found Xutaquol's General Store.
  1845 | D:2      | Noticed Natasha
  1861 | D:2      | Killed Natasha
  1862 | D:2      | Reached XP level 5. HP: 29/47 MP: 5/7
  2994 | D:3      | Noticed Grinder
  2997 | D:3      | Paralysed by Grinder for 4 turns
  3011 | D:3      | Paralysed by Grinder for 2 turns
  3020 | D:3      | Killed Grinder
  3021 | D:3      | Reached skill level 5 in Long Blades
  3021 | D:3      | Reached XP level 6. HP: 48/53 MP: 7/9
  3213 | D:4      | Reached XP level 7. HP: 24/59 MP: 10/10
  3455 | D:4      | Found a staircase to the Ecumenical Temple.
  3477 | Temple   | Entered the Ecumenical Temple
  3606 | Temple   | Became a worshipper of Warmaster Okawaru
  3889 | D:4      | Found Yfoygy's Antique Armour Boutique.
  3941 | D:4      | Found Qeskiopt's Magic Scroll Boutique.
  3958 | D:4      | Found Gitsem's Weapon Boutique.
  4048 | D:4      | Found Atreple's Armour Boutique.
  5049 | D:5      | Entered Level 5 of the Dungeon
  5099 | D:5      | Reached XP level 8. HP: 44/67 MP: 12/12
  5283 | D:5      | Reached * piety under Okawaru
  5939 | D:5      | Found a hazy altar of Hepliaklqana.
  5939 | D:5      | Found an ornate altar of the Wu Jian Council.
  5939 | D:5      | Found a shimmering altar of Xom.
  5939 | D:5      | Found a bloodstained altar of Trog.
  6063 | D:5      | Found a basalt altar of Yredelemnul.
  6067 | D:5      | Found a white marble altar of Elyvilon.
  6583 | D:6      | Noticed Menkaure
  6589 | D:6      | Killed Menkaure
  6924 | D:6      | Reached ** piety under Okawaru
  6925 | D:6      | Reached XP level 9. HP: 63/73 MP: 14/14
  7365 | D:6      | Reached skill level 5 in Dodging
  7377 | D:6      | HP: 1/73 [gnoll sergeant (9)]
  7378 | D:6      | Slain by a gnoll sergeant

Illustrated notes

Levels and vault maps discovered:
D:1:      tarquinn_simple_flora_water_c, layout_basic
D:2:      layout_basic, serial_shops, nicolae_diamond_shop,
          hellmonk_ecumenical_altar_zigzags, uniq_natasha, uniq_robin
D:3:      layout_basic, uniq_grinder
D:4:      layout_loops_ring, minmay_temple_entry_waves, serial_shops,
          kennysheep_little_box, nicolae_square_shop, shop, shop_statue,
          serial_co_window_serial, co_window_of_opportunity_a,
          co_window_corner_a, co_window_of_opportunity_a, co_window_paths_b,
          co_window_of_opportunity_a, co_window_paths_c, co_window_paths_c,
          co_window_corner_b, co_window_broadway_b, gup_sewer_entry_pipe,
          minmay_manual_mares
D:5:      layout_rooms, minmay_overflow_temple_hex, due_unseen_surprise
D:6:      layout_loops_corners, serial_glass, glass_columns_a, glass_columns_a,
          glass_columns_a, glass_columns_a,
          hangedman_abyss_or_decor_lesser_grid, uniq_menkaure
Temple:   eino_temple_water

Skill      XL: |  1  2  3  4  5  6  7  8  9 |
---------------+----------------------------+-----
Invocations    | 1 2 3 4 |  4.3
Short Blades   | 1 2 3 |  3.9
Axes           | 1 2 3 |  3.9
Maces & Flails | 1 2 3 |  3.9
Polearms       | 1 2 3 |  3.9
Staves         | 1 2 3 |  3.9
Slings         | 1 2 3 |  3.9
Bows           | 1 2 3 |  3.9
Crossbows      | 1 2 3 |  3.9
Throwing       | 1 2 3 |  3.9
Dodging        | 1 2 3 4 5 |  5.0
Stealth        | 1 2 3 |  3.9
Unarmed Combat | 1 2 3 |  3.9
Spellcasting   | 1 2 3 |  3.9
Evocations     | 1 2 3 |  3.9
Conjurations   | 1 2 3 |  3.2
Hexes          | 1 2 3 |  3.2
Summonings     | 1 2 3 |  3.2
Necromancy     | 1 2 3 |  3.2
Translocations | 1 2 3 |  3.2
Transmutations | 1 2 3 |  3.2
Fire Magic     | 1 2 3 |  3.2
Ice Magic      | 1 2 3 |  3.2
Air Magic      | 1 2 3 |  3.2
Earth Magic    | 1 2 3 |  3.2
Poison Magic   | 1 2 3 |  3.2
Long Blades    | 5 6 |  6.1
Fighting       | 7 |  7.7
Armour         | 7 |  7.7
Shields        | 7 |  7.7

Action                   |  1- 3 |  4- 6 |  7- 9 || total
-------------------------+-------+-------+-------++-------
Melee: Long sword        |   101 |   108 |       ||   209
       Bite              |     9 |    17 |    40 ||    66
       Falchion          |       |    10 |   307 ||   317
  Use: Potion            |       |       |     5 ||     5
       Scroll            |       |       |     5 ||     5
Armor: Scale mail        |    38 |    36 |    83 ||   157
       Plate armour      |       |       |    67 ||    67
Dodge: Dodged            |    39 |    35 |   135 ||   209
Block: Buckler           |    18 |    20 |   125 ||   163

Table legend: (Time is in decaauts)
 A = Elapsed time spent in this place.
 B = Non-inter-level travel time spent in this place.
 C = Inter-level travel time spent in this place.
 D = Time resting spent in this place.
 E = Time spent auto-exploring this place.
 F = Levels seen in this place.
 G = Mean time per level.
                   A        B        C        D        E       F      G
               +--------+--------+--------+--------+--------+-----+--------+
         Total |   7458 |   7080 |    378 |    136 |   5809 |   7 | 1065.4 |
       Dungeon |   7115 |   6752 |    363 |    136 |   5510 |   6 | 1185.8 |
        Temple |    343 |    328 |     15 |      0 |    299 |   1 |  343.0 |
               +--------+--------+--------+--------+--------+-----+--------+

Top non-repeatable levels by time:
     D:2: 1921 daAuts
     D:4: 1531 daAuts
     D:5: 1442 daAuts
     D:6: 894 daAuts
     D:1: 868 daAuts
     D:3: 455 daAuts
  Temple: 343 daAuts
